 Dungeon Crawl Stone Soup version 0.22-a0-351-g29664b4 (webtiles) character file.

14 kidcy the Magician (level 2, 0/15 HPs)
             Began as a Deep Elf Wizard on Apr 13, 2018.
             Killed from afar by Sigmund (10 damage)
             ... with a puff of flame
             ... on level 2 of the Dungeon.
             The game lasted 00:01:37 (1194 turns).

kidcy the Magician (Deep Elf Wizard)                Turns: 1194, Time: 00:01:37

Health: 0/15       AC:  2    Str:  4    XL:     2   Next: 27%
Magic:  3/9        EV: 13    Int: 22    God:
Gold:   50         SH:  0    Dex: 13    Spells: 7/10 levels left

rFire    . . .     SeeInvis .   i - +0 short sword (venom)
rCold    . . .     Gourm    .   (no shield)
rNeg     . . .     Faith    .   a - +0 robe
rPois    .         Spirit   .   b - +0 hat
rElec    .         Reflect  .   (no cloak)
rCorr    .         Harm     .   (no gloves)
MR       .....                  (no boots)
Stlth    ++........             (no amulet)
HPRegen  0.05/turn              (no ring)
MPRegen  0.11/turn              (no ring)

@: no status effects
A: no striking features
a: no special abilities


You were on level 2 of the Dungeon.
You were hungry.

You visited 1 branch of the dungeon, and saw 2 of its levels.

You collected 50 gold pieces.

Inventory:

Hand Weapons
 i - a +0 short sword of venom (weapon)
Armour
 a - a +0 robe (worn)
 b - a +0 hat (worn)
 j - a +0 ring mail
Jewellery
 k - an uncursed ring of resist corrosion {unknown}
Scrolls
 c - 2 scrolls of enchant weapon {unknown}
 e - 3 scrolls of identify {unknown}
 f - 2 scrolls of remove curse {unknown}
 g - a scroll of enchant armour {unknown}
 h - a scroll of teleportation {unknown}
Potions
 l - 2 potions of heal wounds {unknown}
Comestibles
 d - 2 rations


   Skills:
 - Level 2.4 Dodging
 - Level 2.4 Stealth
 + Level 4.7 Spellcasting
 * Level 2.2 Conjurations
   Level 1.1 Summonings
 - Level 1.1 Translocations


You had 7 spell levels left.
You knew the following spells:

 Your Spells              Type           Power        Failure   Level  Hunger
a - Magic Dart            Conj           ###.         4%          1    None
b - Blink                 Tloc           N/A          10%         2    None


Dungeon Overview and Level Annotations

Branches:
Dungeon (2/15)

Altars:

Annotations:
D:2 Sigmund


Message History

Casting: Magic Dart (safe; 4% risk of failure)
Confirm with . or Enter, or press ? or * to list all spells.
Aiming: Magic Dart (safe; 4% risk of failure)
Press: ? - help, Shift-Dir - straight line The magic dart hits something.
Casting: Magic Dart (safe; 4% risk of failure)
Confirm with . or Enter, or press ? or * to list all spells.
Aiming: Magic Dart (safe; 4% risk of failure)
Press: ? - help, Shift-Dir - straight line The magic dart hits something.
Something hits you.
Casting: Magic Dart (safe; 4% risk of failure)
Confirm with . or Enter, or press ? or * to list all spells.
Aiming: Magic Dart (safe; 4% risk of failure)
Press: ? - help, Shift-Dir - straight line The magic dart hits something.
You hear some strange, mumbled words.
A puff of flame appears from out of thin air!
The puff of flame hits you!
Ouch! That really hurt!
You die...

#........#####
#........#
#........#
#........#####
#............#
####'#######.#
#.# #.# #@#
#{.......
##.#..#.# ..
...# ... ...
#### .# #


There were no monsters in sight!

Vanquished Creatures
  A leopard gecko (D:1)
  6 hobgoblins
  A frilled lizard (D:1)
  A goblin (D:1)
  A kobold (D:2)
  2 rats (D:1)
12 creatures vanquished.

Notes
Turn   | Place    | Note
-------+----------+-------------------------------------------
     0 | D:1      | kidcy the Deep Elf Wizard began the quest for the Orb.
     0 | D:1      | Reached XP level 1. HP: 10/10 MP: 7/7
   321 | D:1      | Reached XP level 2. HP: 11/15 MP: 4/9
   416 | D:1      | Learned a level 2 spell: Blink
  1187 | D:2      | Noticed Sigmund
  1194 | D:2      | Killed from afar by Sigmund

Vault maps used:
D:1:      nicolae_arrival_washed_ashore, grunt_decor_fettered
D:2:      fedhas_altar_fruit_tree, serial_bayou_pond_c, hangedman_decor_growths,
          st_stairs_8, uniq_sigmund

Skill      XL: |  1 |
---------------+----+-----
Conjurations   | 2 |  2.2
Dodging        | |  2.4
Stealth        | |  2.4
Spellcasting   | |  4.7
Summonings     | |  1.1
Translocations | |  1.1

Action                   || total
-------------------------++-------
 Cast: Magic Dart        ||    37
Dodge: Dodged            ||     3

Table legend:
 A = Spawn XP
 B = Non-spawn XP
 C = Spawn XP percentage of total XP
 D = Spawn monster count
 E = Non-spawn monster count
 F = Spawn count percentage of total count
 G = Total turns spent on level
                    A         B        C        D         E        F      G
               +---------+---------+-------+---------+---------+-------+---------
         Total |       0 |      20 |   0.0 |       0 |      12 |   0.0 |  1194
               +---------+---------+-------+---------+---------+-------+---------
           D:1 |       0 |      17 |   0.0 |       0 |      10 |   0.0 |  1015
           D:2 |       0 |       3 |   0.0 |       0 |       2 |   0.0 |   179
               +---------+---------+-------+---------+---------+-------+---------
